 Dungeon Crawl Stone Soup version 0.19-b1-3-g7dea586 (webtiles) character file.

556 tv1990 the Chopper (level 7, -6/52 HPs)
             Began as a Formicid Monk on Oct 28, 2016.
             Mangled by Menkaure (14 damage)
             ... on level 4 of the Dungeon.
             The game lasted 00:11:37 (3317 turns).

tv1990 the Chopper (Formicid Monk)                  Turns: 3317, Time: 00:11:37

Health: -6/52      AC: 11    Str: 16    XL:     7   Next: 56%
Magic:  7/7        EV:  5    Int:  9    God:
Gold:   74         SH:  5    Dex: 15    Spells: 0 memorised, 6 levels left

rFire  . . .     SeeInvis +     a - +1 hand axe
rCold  . . .     Gourm    .     r - +1 plate armour
rNeg   . . .     Faith    .     q - +0 buckler
rPois  .         Spirit   .     (helmet unavailable)
rElec  .         Reflect  .     (no cloak)
rCorr  .         Harm     .     (no gloves)
MR     .....                    (no boots)
Stlth  ..........               (no amulet)
                                (no ring)
                                m - ring of flight

@: no status effects
A: permanent stasis, dig shafts and tunnels, four strong arms, antennae 3
a: Dig, Shaft Self, Evoke Flight


You were on level 4 of the Dungeon.
You were not hungry.

You visited 1 branch of the dungeon, and saw 4 of its levels.

You collected 74 gold pieces.

Inventory:

Hand Weapons
 a - a +1 hand axe (weapon)
Missiles
 e - 3 throwing nets (quivered)
Armour
 b - a +0 robe
 k - a +0 scale mail
 p - a +0 shield
 q - a +0 buckler (worn)
 r - a +1 plate armour (worn)
Jewellery
 m - a ring of flight (left hand)
Scrolls
 h - 5 scrolls of remove curse
 i - a scroll of noise
 o - a scroll of fog
Potions
 d - a potion of might {unknown}
 g - a potion of beneficial mutation
 j - a potion of magic {unknown}
 n - a potion of flight {unknown}
 t - a potion of curing
Comestibles
 c - 3 bread rations
 l - a beef jerky


   Skills:
 - Level 3.2 Fighting
 + Level 7.3 Axes
 - Level 2.6 Dodging
 - Level 2.4 Stealth
 * Level 3.9 Shields


You had 6 spell levels left.
You didn't know any spells.

Dungeon Overview and Level Annotations

Branches:
Dungeon (4/15)
 Temple: D:4-7

Altars:
Dithmenos
Vehumet

Annotations:
D:4 Menkaure


Innate Abilities, Weirdness & Mutations

You are under a permanent stasis effect.
You can dig through walls and to a lower floor.
Your four strong arms can wield two-handed weapons with a shield.
You have a pair of large antennae on your head. (SInv)


Message History

Menkaure is lightly damaged.
Menkaure hits you.
* * * LOW HITPOINT WARNING * * *
Your plate armour prevents you from hitting Menkaure.
Menkaure is lightly damaged.
Menkaure gestures wildly while chanting.
You hit Menkaure.
Menkaure is moderately damaged.
Menkaure casts a spell at you. Pain shoots through your body!
* * * LOW HITPOINT WARNING * * *
You feel much better. Menkaure hits you!
* * * LOW HITPOINT WARNING * * *
You slash Menkaure!
Menkaure is severely damaged.
You block Menkaure's attack. Menkaure hits you!
* * * LOW HITPOINT WARNING * * *
Are you sure you want to shaft yourself?
You feel somewhat more hungry. Menkaure hits you!
You die...

#.# #..###..##.# .#
######.#####. #.###..#
#..##.##.## #.# #. #......#
#..##.#...#######.# #.
#####..#
#..##.............#####.
#..###.#................<..#.
#..##.###.......##########...
###..#...#.......## ###.
###......##.####.### #.
....#....#### #@# #.
######...# #M# #> ###.# #..
#. #.# #..# #. #.# #..# #.
#.# #..# .. #.. ...# ### ##.#


You could see Menkaure.

Vanquished Creatures
  The ghost of kraktruk the Cudgeler, an amateur GrGl (D:3)
  Sigmund (D:2)
  Terence (D:2)
  Ijyb (D:2)
  A worker ant (D:4)
  Robin (D:2)
  A gnoll (D:1)
  4 adders
  A shadow imp (D:4)
  An ooze (D:2)
  A worm (D:2)
  5 dart slugs
  3 leopard geckos
  5 giant cockroaches
  16 goblins
  14 hobgoblins
  2 jackals (D:3)
  2 quokkas
  3 ball pythons
  6 bats
  5 frilled lizards
  6 kobolds
  A rat (D:2)
82 creatures vanquished.

Notes
Turn   | Place    | Note
-------+----------+-------------------------------------------
     0 | D:1      | tv1990 the Formicid Monk began the quest for the Orb.
     0 | D:1      | Reached XP level 1. HP: 18/18 MP: 1/1
   162 | D:1      | Reached XP level 2. HP: 15/24 MP: 2/2
   278 | D:1      | Reached skill level 4 in Axes
   278 | D:1      | Reached XP level 3. HP: 22/29 MP: 3/3
  1043 | D:2      | Found a faded altar of an unknown god.
  1056 | D:2      | Found a shadowy altar of Dithmenos.
  1099 | D:2      | Reached XP level 4. HP: 33/35 MP: 4/4
  1184 | D:2      | Noticed Sigmund
  1184 | D:2      | Noticed Ijyb
  1207 | D:2      | Killed Sigmund
  1207 | D:2      | Reached skill level 6 in Axes
  1207 | D:2      | Reached XP level 5. HP: 41/41 MP: 5/5
  1207 | D:2      | Reached XP level 6. HP: 47/47 MP: 6/6
  1218 | D:2      | Killed Ijyb
  1247 | D:2      | Noticed Robin
  1274 | D:2      | Killed Robin
  1380 | D:2      | Noticed Terence
  1420 | D:2      | Killed Terence
  1774 | D:3      | Reached skill level 1 in Shields
  1775 | D:3      | Found a radiant altar of Vehumet.
  2141 | D:3      | Reached skill level 7 in Axes
  2254 | D:3      | Noticed kraktruk's ghost (amateur GrGl)
  2327 | D:3      | Killed kraktruk's ghost
  2327 | D:3      | Reached XP level 7. HP: 20/52 MP: 7/7
  3306 | D:4      | Noticed Menkaure
  3317 | D:4      | Mangled by Menkaure

Skill      XL: |  1  2  3  4  5  6 |
---------------+-------------------+-----
Axes           | 4 6 7 |  7.3
Shields        | 3 |  3.9
Fighting       | |  3.2
Dodging        | |  2.6
Stealth        | |  2.4

Action                   |  1- 3 |  4- 6 |  7- 9 || total
-------------------------+-------+-------+-------++-------
Melee: Hand axe          |   113 |   232 |    74 ||   419
Throw: Throwing net      |     1 |       |       ||     1
 Abil: Dig               |       |     2 |       ||     2
       Shaft Self        |       |       |     1 ||     1
  Use: Potion            |     1 |     3 |     1 ||     5
       Scroll            |     3 |     3 |     2 ||     8
 Stab: Sleeping          |     2 |       |       ||     2
  Eat: Chunk             |       |     5 |     4 ||     9
Armor: Robe              |     8 |       |       ||     8
       Scale mail        |    25 |    35 |       ||    60
       Skin              |       |    44 |       ||    44
       Plate armour      |       |    12 |    35 ||    47
Dodge: Dodged            |    57 |    68 |    10 ||   135
Block: Buckler           |       |    12 |     8 ||    20

Table legend:
 A = Turns spent in this place as a percentage of turns spent in the entire game.
 B = Non-inter-level travel turns spent in this place as a percentage of non-inter-level travel turns spent in the entire game.
 C = Inter-level travel turns spent in this place as a percentage of turns spent in this place.
 D = Turns resting spent in this place as a percentage of non-inter-level travel turns spent in this place.
 E = Turns spent auto-exploring this place as a percentage of non-inter-level travel turns spent in this place.
 F = Non-inter-level travel turns spent in this place divided by the number of levels of this place that you've seen.
                   A       B       C       D       E      F
               +-------+-------+-------+-------+-------+----------------------
         Total | 100.0 | 100.0 |   0.4 |   2.9 |  12.8 | 271.5
       Dungeon | 100.0 | 100.0 |   0.4 |   2.9 |  12.8 | 271.5
               +-------+-------+-------+-------+-------+----------------------

Table legend:
 A = Kills in this place as a percentage of kills in entire the game.
 B = Kills by you in this place as a percentage of kills by you in the entire game.
 C = Kills by friends in this place as a percentage of kills by friends in the entire game.
 D = Other kills in this place as a percentage of other kills in the entire game.
 E = Experience gained in this place as a percentage of experience gained in the entire game.
 F = Experience gained in this place divided by the number of levels of this place that you have seen.
                   A       B       C       D       E      F
               +-------+-------+-------+-------+-------+----------------------
         Total | 100.0 | 100.0 |  -nan |  -nan | 100.0 | 198.8
       Dungeon | 100.0 | 100.0 |  -nan |  -nan | 100.0 | 198.8
               +-------+-------+-------+-------+-------+----------------------

Vault maps used:
D:1:      minmay_arrival_doors
D:2:      grunt_dithmenos_smoke_and_mirrors, ecumenical_altar_1, uniq_terence,
          uniq_sigmund, uniq_iyjb, uniq_robin
D:3:      fiery_altar_vehumet
D:4:      first_bread, kennysheep_generic_room_10, uniq_menkaure,
          uniq_crazy_yiuf_cottage
